 Dungeon Crawl Stone Soup version 0.25.0-46-gbd7b085 (webtiles) character file.

Game seed: 966880688245155503

121 Balder the Shield-Bearer (level 4, -1/39 HPs)
             Began as a Draconian Fighter on July 12, 2020.
             Slain by Grinder (8 damage)
             ... on level 3 of the Dungeon.
             The game lasted 00:05:52 (1519 turns).

Balder the Shield-Bearer (Draconian Fighter)        Turns: 1519, Time: 00:05:52

Health: -1/39      AC:  5    Str: 19    XL:     4   Next: 76%
Magic:  4/4        EV: 11    Int:  8    God:
Gold:   160        SH:  9    Dex: 11    Spells: 3/3 levels left

rFire    . . .     SeeInvis .   a - +0 flail
rCold    . . .     Gourm    .   b - +0 kite shield
rNeg     . . .     Faith    .   (armour unavailable)
rPois    .         Spirit   .   (helmet restricted)
rElec    .         Reflect  .   (no cloak)
rCorr    .         Harm     .   (no gloves)
MR       .....                  (no boots)
Stlth    +.........             (no amulet)
HPRegen  0.13/turn              (no ring)
MPRegen  0.09/turn              (no ring)

@: lethally poisoned (-1 -> -3)
A: unfitting armour, cold-blooded, AC +5
a: no special abilities


You were on level 3 of the Dungeon.
You were not hungry.

You visited 1 branch of the dungeon, and saw 3 of its levels.

You collected 160 gold pieces.

Inventory:

Hand Weapons
 a - a +0 flail (weapon)
 c - a +4 dagger
Missiles
 o - 21 poisoned darts (quivered)
Armour
 b - a +0 kite shield (worn)
Scrolls
 f - 3 scrolls of enchant armour {unknown}
 h - a scroll of magic mapping {unknown}
 i - 4 scrolls of remove curse {unknown}
 j - 2 scrolls of identify {unknown}
 k - 2 scrolls of immolation {unknown}
 l - a scroll of amnesia {unknown}
 m - a scroll of noise {unknown}
 n - a scroll of fog {unknown}
Potions
 e - a potion of heal wounds {unknown}
Comestibles
 d - 6 rations
 g - 4 chunks of flesh


   Skills:
 * Level 3.6 Fighting
 * Level 2.7 Maces & Flails
 * Level 0.8 Throwing
 * Level 3.4 Dodging
 + Level 0.4 Stealth
 * Level 4.1 Shields


You had 3 spell levels left.
You didn't know any spells.
Your spell library was empty.

Dungeon Overview and Level Annotations

Branches:
Dungeon (3/15)

Altars:

Annotations:
D:3 Grinder


Innate Abilities, Weirdness & Mutations

Your plain brown scales are hard. (AC +5)
You cannot fit into any form of body armour.
You are cold-blooded and may be slowed by cold attacks.


Message History

The adder bites you. The adder barely misses you.
You closely miss the adder.
The adder is almost dead.
You feel sick. The adder closely misses you. The adder bites you.
Grinder blinks!
You closely miss the adder.
The adder is almost dead.
The adder bites you but does no damage.
You closely miss the adder. You tail-slap the adder.
You kill the adder!
You hit Grinder but do no damage.
You feel sick. Grinder barely misses you.
You closely miss Grinder. Grinder barely misses you. Grinder gestures at you.
Pain shoots through your body!
* * * LOW HITPOINT WARNING * * *
You hit Grinder.
Grinder is lightly wounded.
Grinder says, "FISH!"
Grinder hits you!
You die...

#...##÷# #....#
#.....÷###....#######
#......#......'......
########....#.#.#....#######
#...........#.#>............
####.###...##.#############.
#....#......#.............#.
###.##.####.###########.....
#.##.# #@#... #.#... #....#
#5#.####... #...## ######
#......5... ###.##
###.####... #.... #... #.)..
#..... #.... #......# #....
#......# #.... #.######
#####


You could see Grinder.

Vanquished Creatures
  6 adders
  A worm (D:3)
  3 dart slugs
  3 leopard geckos (D:3)
  An orc (D:3)
  5 giant cockroaches
  2 goblins
  2 hobgoblins (D:3)
  10 jackals
  A quokka (D:2)
  5 bats
  3 frilled lizards (D:2)
  7 kobolds
  6 rats
55 creatures vanquished.

Notes
Turn   | Place    | Note
-------+----------+-------------------------------------------
     0 | D:1      | Balder the Draconian Fighter began the quest for the Orb.
     0 | D:1      | Reached XP level 1. HP: 19/19 MP: 1/1
   254 | D:1      | You fall into a shaft and drop 1 floor!
   308 | D:2      | Reached XP level 2. HP: 13/26 MP: 2/2
   561 | D:2      | Reached XP level 3. HP: 31/31 MP: 3/3
   849 | D:2      | Found a faded altar of an unknown god.
  1091 | D:3      | Reached XP level 4. HP: 38/38 MP: 4/4
  1227 | D:3      | Reached skill level 4 in Shields
  1496 | D:3      | Noticed Grinder
  1501 | D:3      | Paralysed by Grinder for 6 turns
  1519 | D:3      | Slain by Grinder

Illustrated notes

Levels and vault maps discovered:
D:1:      dpeg_arrival_water_fire, layout_loops_ring, minivault_26
D:2:      layout_rooms, chequers_ecumenical_altar_lobes
D:3:      layout_basic, first_ration, uniq_natasha, uniq_ijyb, uniq_grinder

Skill      XL: |  1  2  3  4 |
---------------+-------------+-----
Dodging        | 3 |  3.4
Shields        | 4 |  4.1
Fighting       | |  3.6
Maces & Flails | |  2.7
Throwing       | |  0.8
Stealth        | |  0.4

Action                   |  1- 3 |  4- 6 || total
-------------------------+-------+-------++-------
Melee: Flail             |    97 |    87 ||   184
       Tailslap          |     5 |    11 ||    16
Throw: Dart              |       |     3 ||     3
  Use: Potion            |     1 |       ||     1
  Eat: Chunk             |     1 |     1 ||     2
Armor: Skin              |    38 |    31 ||    69
Dodge: Dodged            |    58 |    39 ||    97
Block: Kite shield       |    60 |    44 ||   104
